 Dungeon Crawl Stone Soup version 0.28.0-43-g3370ac3207 (webtiles) character file.

Game seed: 11089020205525425634

89 sking99 the Gusty (level 4, -6/34 HPs)
             Began as a Demonspawn Wanderer on Mar 16, 2022.
             Killed from afar by an orc wizard (9 damage)
             ... with a puff of flame
             ... on level 3 of the Dungeon.
             The game lasted 00:06:48 (2893 turns).

sking99 the Gusty (Demonspawn Wanderer)             Turns: 2893, Time: 00:06:49

Health: -6/34      AC:  4    Str: 12    XL:     4   Next: 31%
Magic:  2/6        EV: 11    Int: 15    God:
Gold:   107        SH:  0    Dex: 13    Spells: 5/6 levels left

rFire   . . .      SeeInvis .   a - +0 dagger
rCold   . . .      Faith    .   (no shield)
rNeg    . . .      Spirit   .   c - +0 robe
rPois   .          Reflect  .   b - +0 helmet
rElec   .          Harm     .   h - +0 cloak {Stlth+}
rCorr   .          Rampage  .   (no gloves)
Will    .....                   (no boots)
Stlth   +++.......              (no amulet)
HPRegen 0.11/turn               (no ring)
MPRegen 0.10/turn               (no ring)

@: no status effects
A: powered by pain 1
a: no special abilities


You were on level 3 of the Dungeon.
You visited 1 branch of the dungeon, and saw 3 of its levels.

You collected 107 gold pieces.

Inventory:

Hand Weapons
 a - a +0 dagger (weapon)
Armour
 b - a +0 helmet (worn)
 c - a +0 robe (worn)
 h - a +0 cloak of stealth (worn)
Scrolls
 e - a scroll of identify {unknown}
 f - a scroll of magic mapping {unknown}
 i - a scroll of teleportation {unknown}
Potions
 d - 3 potions of curing
 g - 2 potions of berserk rage {unknown}
 j - a potion of might {unknown}


   Skills:
 + Level 2.7 Fighting
 - Level 1.0 Throwing
 - Level 1.7 Stealth
 + Level 1.9 Spellcasting
 + Level 1.2 Conjurations
 * Level 3.6 Air Magic
 - Level 1.0 Evocations


You had 5 spell levels left.
You knew the following spells:

 Your Spells              Type           Power      Damage    Failure   Level
a - Shock                 Conj/Air       32%        1d5       9%          1

Your spell library contained the following spells:

 Spells                   Type           Power      Damage    Failure   Level
 Swiftness                Air            12%        N/A       14%         3
 Mephitic Cloud           Conj/Pois/Air  6%         N/A       34%         3


Dungeon Overview and Level Annotations

Branches:
Dungeon (3/15)

Altars:


Innate Abilities, Weirdness & Mutations

You sometimes gain a little power by taking damage.


Message History

Something hits you.
You feel less confused.
A magic dart appears from out of thin air!
The magic dart hits you. Something hits you but does no damage.
You barely miss something. Something hits you.
* * * LOW HITPOINT WARNING * * *
Casting: Shock (safe; 9% risk of failure)
Confirm with . or Enter, or press ? or * to list all spells.
You can't see any susceptible monsters within range! (Use Z to cast anyway.)
You hit something but do no damage. Your punch misses something.
Something hits you.
* * * LOW HITPOINT WARNING * * *
Casting: Shock (safe; 9% risk of failure)
Confirm with . or Enter, or press ? or * to list all spells.
Aiming: Shock (safe; 9% risk of failure)
Press: ? - help, Shift-Dir - straight line Something hits you.
* * * LOW HITPOINT WARNING * * *
Casting: Shock (safe; 9% risk of failure)
Confirm with . or Enter, or press ? or * to list all spells.
Aiming: Shock (safe; 9% risk of failure)
Press: ? - help, Shift-Dir - straight line Something hits you.
* * * LOW HITPOINT WARNING * * *
Casting: Shock (safe; 9% risk of failure)
Confirm with . or Enter, or press ? or * to list all spells.
Aiming: Shock (safe; 9% risk of failure)
Press: ? - help, Shift-Dir - straight line The zap hits something. x2; Something hits you.
* * * LOW HITPOINT WARNING * * *
Casting: Shock (safe; 9% risk of failure)
Confirm with . or Enter, or press ? or * to list all spells.
Aiming: Shock (safe; 9% risk of failure)
Press: ? - help, Shift-Dir - straight line The zap hits something. x2
You hear some strange, mumbled words.
A puff of flame appears from out of thin air!
The puff of flame hits you!
You die...

....... .......
######### ##.....
#.......#
.......##.......#
#.....#...<....#
#.....#........#
#.....#..รท.....#
## #...........#
...
####.@{..####...
#...[.# .. .
#.....##.#....
#.......#.....o..
#.#######.##.....
.. ... ... .
.#.## # #.#.# #
..#


There were no monsters in sight!

Vanquished Creatures
  An orc priest (D:2)
  4 adders
  An orc (D:3)
  6 ball pythons
  An endoplasm (D:1)
  A giant cockroach (D:1)
  A hobgoblin (D:1)
  4 jackals (D:2)
  3 bats
  3 frilled lizards
  A kobold (D:2)
  2 rats (D:1)
28 creatures vanquished.

Vanquished Creatures (others)
  5 plants (D:2)
5 creatures vanquished.

Grand Total: 33 creatures vanquished

Notes
Turn   | Place    | Note
-------+----------+-------------------------------------------
     0 | D:1      | sking99 the Demonspawn Wanderer began the quest for the
                  | Orb.
     0 | D:1      | sking99 set off with the following items: a +0 dagger, a +0
                  | helmet, a +0 robe, a potion of curing; and the following
                  | spell memorised: Shock; and the following spells available
                  | to memorise: Swiftness, Mephitic Cloud
     0 | D:1      | Reached XP level 1. HP: 16/16 MP: 2/2
   389 | D:1      | Reached skill level 3 in Air Magic
   444 | D:1      | Gained mutation: You sometimes gain a little power by
                  | taking damage. [demonic ancestry]
   444 | D:1      | Reached XP level 2. HP: 15/22 MP: 0/3
  1968 | D:2      | Reached XP level 3. HP: 28/28 MP: 2/5
  2503 | D:2      | Reached skill level 1 in Conjurations
  2503 | D:2      | Reached XP level 4. HP: 19/34 MP: 0/6
  2893 | D:3      | Killed from afar by an orc wizard

Illustrated notes

Levels and vault maps discovered:
D:1:      dpeg_arrival_tiny_k, layout_basic
D:2:      layout_loops_ring, chequers_big_river
D:3:      layout_basic, nicolae_gozag_cash_rules_everything_around_me,
          serial_shops, shop

Skill      XL: |  1  2  3 |
---------------+----------+-----
Air Magic      | 3 |  3.6
Conjurations   | 1 |  1.2
Fighting       | |  2.7
Throwing       | |  1.0
Stealth        | |  1.7
Spellcasting   | |  1.9
Evocations     | |  1.0

Action                   |  1- 3 |  4- 6 || total
-------------------------+-------+-------++-------
Melee: Dagger            |    42 |     9 ||    51
       Punch             |     1 |       ||     1
 Cast: Shock             |    54 |    12 ||    66
 Stab: Sleeping          |     2 |       ||     2
Armor: Robe              |    22 |     5 ||    27
Dodge: Dodged            |    40 |     2 ||    42
